 Dungeon Crawl Stone Soup version 0.29.1-12-g30fa7ad0bf (webtiles) character file.

Game seed: 11362657405928009850

5276 hawla the Thaumaturge (level 11, -25/79 HPs)
             Began as a Meteoran Fire Elementalist on Jan 7, 2023.
             Was a Believer of Vehumet.
             Killed by an exploding orc knight (42 damage)
             ... ignited by their inner flame
             ... in a bailey.
             The game lasted 00:21:41 (4019 turns).

hawla the Thaumaturge (Meteoran Fire Elementalist)  Turns: 4019, Time: 00:21:43

Health: -25/79     AC:  8    Str: 11    XL:     11   Next: 15%
Magic:  17/28      EV: 17    Int: 20    God:    Vehumet [**....]
Gold:   256        SH:  0    Dex: 15    Spells: 27/34 levels left

rFire   . . .      SeeInvis .   a - +5 great sword (freeze)
rCold   . . .      Faith    .   (shield currently unavailable)
rNeg    . . .      Spirit   .   h - +2 robe
rPois   +          Reflect  .   (no helmet)
rElec   .          Harm     .   (no cloak)
rCorr   .          Rampage  .   e - +0 pair of gloves
Will    +....                   z - +2 pair of boots {Stlth+}
Stlth   +.........              (no amulet)
HPRegen 0.23/turn               b - ring of poison resistance
MPRegen 0.21/turn               s - +4 ring of evasion

@: glowing
A: sense surroundings 2, otherworldly, glowing, explore regen
a: Renounce Religion


You were in a bailey.
You worshipped Vehumet.
Vehumet was pleased with you.
You visited 2 branches of the dungeon, and saw 11 of its levels.
You also visited: Bailey.

You collected 256 gold pieces.

Inventory:

Hand Weapons
 a - a +5 great sword of freezing (weapon)
Armour
 e - a +0 pair of gloves (worn)
 h - a +2 robe (worn)
 z - a +2 pair of boots of stealth (worn)
Jewellery
 b - a ring of poison resistance (left hand)
 d - a +6 ring of dexterity
 s - a +4 ring of evasion (right hand)
 t - a ring of ice
Wands
 g - a wand of charming (8)
 m - a wand of flame (14) (quivered)
 n - a wand of polymorph (20)
 p - a wand of mindburst (22)
 r - a wand of acid (8)
Scrolls
 o - a scroll of brand weapon
 u - 2 scrolls of identify
 y - a scroll of enchant weapon
Potions
 c - 2 potions of haste {unknown}
 f - 2 potions of curing
 i - 2 potions of brilliance {unknown}
 j - 2 potions of flight
 k - a potion of lignification
 w - a potion of invisibility {unknown}
Miscellaneous
 v - a phial of floods


   Skills:
 + Level 2.2 Fighting
 + Level 3.8 Dodging
 - Level 1.4 Stealth
 + Level 12.2 Spellcasting
 + Level 7.9 Conjurations
 + Level 11.2 Fire Magic
 + Level 2.0 Evocations


You had 27 spell levels left.
You knew the following spells:

 Your Spells              Type           Power      Damage    Failure   Level
a - Foxfire               Conj/Fire      100%       2x1d9     1%          1
b - Scorch                Fire           100%       2d10      1%          2
c - Flame Wave            Conj/Fire      50%        2d12      1%          4

Your spell library contained the following spells:

 Spells                   Type           Power      Damage    Failure   Level
 Freeze                   Ice            48%        1d7       5%          1
 Magic Dart               Conj           100%       1d8       1%          1
 Searing Ray              Conj           88%        2d7       1%          2
 Conjure Flame            Conj/Fire      50%        6-21      1%          3
 Inner Flame              Hex/Fire       34%        N/A       1%          3
 Ensorcelled Hibernation  Hex/Ice        24%        N/A       9%          2
 Passwall                 Tmut/Erth      10%        N/A       9%          2
 Poisonous Vapours        Pois/Air       24%        N/A       9%          2
 Fulminant Prism          Conj/Hex       14%        3d9       11%         4
 Call Canine Familiar     Summ           12%        N/A       17%         3
 Portal Projectile        Hex/Tloc       24%        N/A       17%         3
 Swiftness                Air            12%        N/A       17%         3
 Corpse Rot               Necr/Pois/Air  12%        N/A       50%         4
 Leda's Liquefaction      Hex/Erth       6%         N/A       50%         4


Dungeon Overview and Level Annotations

Branches:
Dungeon (10/15) Zot: 2135  Temple (1/1) D:6 Zot: 577    Lair (0/5) D:10
    Orc (0/2) D:10         Bailey (1/1) Zot: 448

Altars:
Ashenzari
Cheibriados
Gozag
Kikubaaqudgha
Makhleb
Nemelex Xobeh
Qazlal
Sif Muna
Trog
Uskayaw
Vehumet
Xom
Yredelemnul
Zin
The Shining One

Shops:
D:5 *


Innate Abilities, Weirdness & Mutations

You passively map the area around you.
You are easily found by Zot.
You glow in the dark.
You regain HP and MP as you explore.


Message History

Casting: Foxfire (safe; 1% risk of failure)
Confirm with . or Enter, or press ? or * to list all spells.
Flames lash the orc knight.
Flame seeps out of the orc knight.
The orc knight is lightly wounded.
The orc knight's fire resistance burns away.
The foxfire hits the orc knight!
The orc knight is burned terribly!
Flame seeps out of the orc knight.
The orc knight is moderately wounded.
The foxfire hits the orc knight but does no damage.
The orc knight is moderately wounded.
The orc knight is engulfed in blazing flames.
Flame seeps out of the orc knight.
The orc knight hits you with a +0 war axe!
Casting: Scorch (safe; 1% risk of failure)
Confirm with . or Enter, or press ? or * to list all spells.
Flames lash the orc knight.
Flame seeps out of the orc knight.
The orc knight is severely wounded.
The orc knight's fire resistance burns away.
The orc knight no longer looks unusually strong.
The orc knight is engulfed in blazing flames.
Flame seeps out of the orc knight.
The orc knight roars a battlecry!
The orc knight goes into a battle-frenzy!
The orc knight is engulfed in blazing flames.
Flame seeps out of the orc knight.
The orc knight hits you with a +0 war axe!
* * * LOW HITPOINT WARNING * * *
You feel better.
The orc knight is engulfed in blazing flames.
Vehumet accepts your kill.
The orc knight explodes!
The fiery explosion engulfs the orc knight!!
The orc knight is burned terribly!
Flame seeps out of the orc knight.
The orc knight is almost dead.
The orc knight is engulfed in blazing flames.
Vehumet accepts your kill.
The orc knight explodes!
The fiery explosion engulfs you!!!
Ouch! That really hurt!
You die...

#....~~(.....(~~....#
#.###~~.......~~###.#
#....~~.......~~....#
#####~~.......~(#####
##~.......~##
####..§#### #.§○#
#.§°# #.§@# ##'''##
##..∩..## #.......#
#...∩...# ##.....##
#######


There were no monsters in sight!

Vanquished Creatures
  Erolcha (D:9)
  2 orc knights (Bailey)
  Psyche (D:9)
  A troll (D:9)
  7 yaks
  4 ice beasts
  An orc warrior (Bailey)
  A centaur (D:10)
  2 phantoms
  5 kobold brigands
  Blork the orc (D:6)
  4 bullfrogs
  A scorpion (D:5)
  4 wights (D:8)
  8 killer bees
  7 howler monkeys
  6 jellies
  A crimson imp (D:4)
  2 hounds
  2 orc priests
  3 gnoll boudas
  2 iguanas
  3 orc wizards
  5 adders
  25 gnolls
  2 shadow imps
  4 white imps
  3 ufetubi
  A dart slug (D:2)
  19 orcs
  8 endoplasms (D:3)
  A giant cockroach (D:4)
  A goblin (D:2)
  2 jackals (D:4)
  17 kobolds
  2 ball pythons
  A rat (D:2)
160 creatures vanquished.

Vanquished Creatures (others)
  235 foxfires
  6 fungi (D:3)
  9 toadstools (D:3)
250 creatures vanquished.

Grand Total: 410 creatures vanquished

Notes
Turn   | Place    | Note
-------+----------+-------------------------------------------
     0 | D:1      | hawla the Meteoran Fire Elementalist began the quest for
                  | the Orb.
     0 | D:1      | Reached XP level 1. HP: 14/14 MP: 5/5
    52 | D:2      | Reached XP level 2. HP: 20/20 MP: 2/6
    69 | D:2      | Learned a level 2 spell: Scorch
   130 | D:3      | Noticed a jelly
   130 | D:3      | Noticed a jelly
   130 | D:3      | Noticed a jelly
   145 | D:3      | Reached XP level 3. HP: 16/26 MP: 0/8
   208 | D:3      | Reached skill level 3 in Spellcasting
   208 | D:3      | Reached skill level 5 in Fire Magic
   208 | D:3      | Reached XP level 4. HP: 27/33 MP: 1/10
   213 | D:3      | Learned a level 4 spell: Flame Wave
   304 | D:3      | Reached XP level 5. HP: 38/38 MP: 6/11
   461 | D:4      | Reached XP level 6. HP: 15/45 MP: 4/12
   504 | D:4      | Reached skill level 5 in Conjurations
   772 | D:4      | Reached skill level 4 in Spellcasting
   772 | D:4      | Reached XP level 7. HP: 50/50 MP: 5/14
  1229 | D:5      | Entered Level 5 of the Dungeon
  1281 | D:5      | Reached skill level 5 in Spellcasting
  1399 | D:5      | Reached skill level 6 in Spellcasting
  1399 | D:5      | Reached XP level 8. HP: 53/58 MP: 1/18
  1482 | D:5      | Found Sucuem Xyvy's Assorted Antiques.
  1522 | D:5      | Reached skill level 7 in Spellcasting
  1995 | D:6      | Noticed Blork the orc
  2003 | D:6      | Killed Blork the orc
  2004 | D:6      | Gained mutation: You passively map the area around you.
                  | [Meteoran growth]
  2004 | D:6      | Reached XP level 9. HP: 34/63 MP: 5/21
  2233 | D:6      | Reached skill level 1 in Fighting
  2233 | D:6      | Reached skill level 8 in Spellcasting
  2314 | D:6      | Found a staircase to the Ecumenical Temple.
  2327 | Temple   | Entered the Ecumenical Temple
  2344 | Temple   | Became a worshipper of Vehumet
  2457 | D:8      | Reached skill level 9 in Spellcasting
  2572 | D:8      | Reached XP level 10. HP: 73/73 MP: 19/24
  2612 | D:8      | Reached * piety under Vehumet
  2612 | D:8      | Offered knowledge of Sandblast by Vehumet.
  2616 | D:8      | Reached skill level 10 in Spellcasting
  3270 | D:9      | Reached skill level 10 in Fire Magic
  3375 | D:9      | Noticed Erolcha
  3386 | D:9      | Killed Erolcha
  3387 | D:9      | Reached skill level 11 in Spellcasting
  3442 | D:9      | Noticed Psyche
  3451 | D:9      | Killed Psyche
  3848 | D:10     | Entered Level 10 of the Dungeon
  3855 | D:10     | Offered knowledge of Freeze by Vehumet.
  3856 | D:10     | Reached XP level 11. HP: 42/79 MP: 18/27
  3857 | D:10     | Reached ** piety under Vehumet
  3858 | D:10     | Reached skill level 12 in Spellcasting
  3867 | D:10     | Found a flagged portal.
  3874 | Bailey   | Entered a bailey
  3985 | Bailey   | Noticed an orc knight
  3992 | Bailey   | Noticed an orc knight
  4019 | Bailey   | Killed an orc knight
  4019 | Bailey   | Killed an orc knight
  4019 | Bailey   | Killed by an exploding orc knight... ignited by their inner
                  | flame

Illustrated notes

Levels and vault maps discovered:
D:1:      lightli_molten_gateway, layout_basic,
          hellmonk_ecumenical_altar_blasted
D:2:      layout_rooms, uniq_terence, uniq_robin
D:3:      cheibrodos_fertilizer, layout_basic, minmay_increasing_density
D:4:      layout_basic, minmay_fire_ice_demons
D:5:      cheibrodos_iron_armory, layout_basic, serial_shops, kennysheep_mini,
          minmay_fractal_squares_5
D:6:      layout_basic, minmay_temple_entry_trees, uniq_blork_the_orc
D:7:      layout_basic, grunt_dithmenos_shadows, grunt_temple_overflow_open,
          minmay_manual_maat
D:8:      layout_loops_cross
D:9:      layout_gridville, grunt_decor_resistance, minmay_misc_feat_nine_boxes,
          minmay_hedge_maze, uniq_erolcha, uniq_psyche
D:10:     layout_roguey, dpeg_lair_monsters, erik_orc_3, enter_bailey_2,
          grunt_ogre_cave
Temple:   minmay_freezing_vapour_temple
Bailey:   bailey_axe_3, bailey

Skill      XL: |  1  2  3  4  5  6  7  8  9 10 11 |
---------------+----------------------------------+-----
Fire Magic     | 4 5 6 7 9 10 11 | 11.2
Spellcasting   | 3 4 6 7 9 11 12 | 12.2
Conjurations   | 2 4 5 6 7 |  7.9
Dodging        | 3 |  3.8
Evocations     | 2 |  2.0
Fighting       | 1 2 |  2.2
Stealth        | |  1.4

Action                   |  1- 3 |  4- 6 |  7- 9 | 10-12 || total
-------------------------+-------+-------+-------+-------++-------
Melee: Unarmed           |     2 |     5 |    23 |       ||    30
       Great sword       |       |       |       |     1 ||     1
 Cast: Foxfire           |    21 |    29 |    56 |    29 ||   135
       Scorch            |     9 |    18 |    39 |    41 ||   107
       Flame Wave        |       |       |    16 |    11 ||    27
  Use: Potion            |     2 |     1 |     3 |     1 ||     7
       Scroll            |       |       |     8 |     4 ||    12
Armor: Robe              |     4 |     9 |    14 |     5 ||    32
       Skin              |       |       |     8 |       ||     8
Dodge: Dodged            |    12 |    18 |    32 |    30 ||    92
